 Dungeon Crawl Stone Soup version 0.29.0-4-gdea44cf6ec (webtiles) character file.

Game seed: 11174210697446413816

14147 qw the Cleaver (level 12, -6/79 HPs)
             Began as a Gargoyle Berserker on Sept 4, 2022.
             Was a Priest of Trog.
             Mangled by a blink frog (11 damage)
             ... on level 2 of the Lair of Beasts.
             The game lasted 00:04:27 (14806 turns).

qw the Cleaver (Gargoyle Berserker)                Turns: 14806, Time: 00:04:27

Health: -6/79      AC: 26    Str: 30    XL:     12   Next: 13%
Magic:  10/10      EV:  6    Int:  9    God:    Trog [***...]
Gold:   769        SH:  0    Dex:  9    Spells: 11/11 levels left

rFire   . . .      SeeInvis .   o - +0 morningstar
rCold   + + .      Faith    .   (no shield)
rNeg    + . .      Spirit   .   l - +1 chain mail "Turixaong" {rPois rC+ rCorr Str+5}
rPois   inf        Reflect  .   q - +0 helmet
rElec   +          Harm     .   h - +1 cloak
rCorr   +          Rampage  .   (no gloves)
Will    .....      Clarity  +   (no boots)
Stlth   ..........              (no amulet)
HPRegen 0.23/turn               f - ring of protection from cold
MPRegen 0.12/turn               k - +4 ring of slaying {mikee}

@: about to teleport, on berserk cooldown, slowed, constricted, very slow
A: sickness immunity, AC +8, negative energy resistance 1, electricity
resistance, torment resistance 1, petrification resistance, iridescent scales 1,
clarity, low MP 1
a: Renounce Religion, Berserk, Trog's Hand


You were on level 2 of the Lair of Beasts.
You worshipped Trog.
Trog was most pleased with you.
You visited 2 branches of the dungeon, and saw 12 of its levels.
You also visited: Sewer.

You collected 769 gold pieces.


Innate Abilities, Weirdness & Mutations

You are immune to sickness and miasma.
Your stone body is resilient. (AC +8)
You are immune to poison.
You resist negative energy. (rN+)
You are resistant to electric shocks. (rElec)
You are resistant to unholy torment.
You are immune to petrification.
You are partially covered in iridescent scales. (AC +2)
You possess an exceptional clarity of mind.
Your magical capacity is low. (-10% MP)


   Skills:
 + Level 10.6 Fighting
 - Level 14.0 Axes
 - Level 2.2 Throwing
 - Level 8.2 Armour
 - Level 2.0 Dodging


You had 11 spell levels left.
You didn't know any spells.
Your spell library was empty.

Inventory:

Hand Weapons
 o - a +0 morningstar (weapon)
 Y - a +3 war axe of chaos
Missiles
 m - 3 boomerangs (quivered)
Armour
 h - a +1 cloak (worn)
 l - the +1 chain mail "Turixaong" (worn) {rPois rC+ rCorr Str+5}
   (You found it on level 10 of the Dungeon)

   Str:       It affects your strength (+5).
   rC:        It protects you from cold.
   rPois:     It protects you from poison.
   rCorr:     It protects you from acid and corrosion.
 q - a +0 helmet (worn)
 s - a scarf of resistance
Jewellery
 f - a ring of protection from cold (left hand)
 k - a +4 ring of slaying (right hand) {mikee}
 p - a ring of flight
Scrolls
 a - 8 scrolls of teleportation
 i - 4 scrolls of identify
 n - a scroll of fear {unknown}
Potions
 b - a potion of haste
 c - 12 potions of curing
 d - 3 potions of mutation
 e - a potion of resistance
 g - a potion of cancellation
 j - 2 potions of heal wounds
 r - a potion of ambrosia {unknown}

Dungeon Overview and Level Annotations

Branches:
Dungeon (10/15)            Temple (0/1) D:4            Lair (2/5) D:10
  Snake (0/4) Lair:2        Sewer (visited)
  Swamp: Lair:2-3    Shoals: Lair:2-3       Orc: D:9-12

Altars:
Ashenzari
Dithmenos
Elyvilon
Fedhas
Hepliaklqana
Kikubaaqudgha
Okawaru
Sif Muna
Yredelemnul
Zin
The Shining One

Annotations:
D:4 2 transporters, qw's ghost, amateur MiFi


Message History

The six-headed hydra bites you but does no damage.
The six-headed hydra bites you. The naga spits poison at you.
The splash of poison hits you but does no damage.
You resist. The naga constricts you.
The wolf howls!
You sock the naga!
The naga is severely wounded.
The blink frog blinks!
The six-headed hydra bites you but does no damage. x2
The six-headed hydra barely misses you.
The six-headed hydra closely misses you.
The six-headed hydra bites you but does no damage. x2
The blink frog blinks!
The naga closely misses you. The naga constricts you.
The six-headed hydra barely misses you.
The six-headed hydra bites you but does no damage.
The six-headed hydra closely misses you.
The six-headed hydra barely misses you. The six-headed hydra bites you.
The six-headed hydra bites you!
You puncture the naga!
The naga is almost dead.
The naga spits poison at you.
The splash of poison hits you but does no damage.
You resist. The naga constricts you. The naga hits you but does no damage.
The six-headed hydra barely misses you.
The six-headed hydra bites you but does no damage. x3
The six-headed hydra bites you.
The six-headed hydra bites you but does no damage.
The naga spits poison at you.
The splash of poison hits you but does no damage.
You resist. The naga constricts you. The naga hits you with a +0 flail!
14806 ||| READING 9 scrolls of teleportation.
As you read the scroll of teleportation, it crumbles to dust.
You feel strangely unstable.
The blink frog hits you but does no damage.
The six-headed hydra bites you but does no damage. x2
The six-headed hydra bites you.
The six-headed hydra bites you but does no damage. x3
The blink frog hits you!
You die...

# #.# #..## ### .##.#
##...# ...# ##...##
....## .... ...#.P#
##....# ..... ...#..#
#....###.....
.#...########...........(
.....#.##.P##...)~.~~##~.
.....)..|.(...###Nh~~~~.#
.....P########.#@D~~~~~~.
......# #.NF~...~~~
......# #.~~~.....~~
......## #P.~~.......~
.......## #..~~...>...~
....?.#.## #..~~~.)....~~
#........###.~.~~~~...P~~
.....#.#..##...~~~~...~~~
#.....#......


You could see a six-headed hydra, a blink frog, 2 nagas and a wolf.

Vanquished Creatures
  2 hydras (Lair:2)
  A two-headed ogre (D:9)
  A black mamba (Lair:2)
  A gargoyle (D:10)
  A cane toad (Lair:1)
  Maggie (D:8)
  A rime drake (Lair:2)
  2 komodo dragons (Lair:2)
  3 slime creatures (D:7)
  A polar bear (Lair:1)
  3 blink frogs (Lair:1)
  2 wyverns (Lair:2)
  13 yaks
  A steam dragon (D:6)
  A basilisk (Lair:2)
  Edmund (D:4)
  3 wargs (D:10)
  An acid dragon (D:9)
  A naga (Lair:2)
  Duvessa (D:4)
  5 water moccasins
  4 orc warriors
  5 black bears
  An ice beast (D:8)
  3 ogres
  2 wolves (Lair:2)
  3 centaurs
  8 bullfrogs
  6 kobold brigands
  4 scorpions
  Dowan (D:4)
  14 wights
  6 killer bees (D:10)
  6 howler monkeys
  5 electric eels
  2 hounds
  5 jellies
  5 orc priests
  Natasha (thrice) (D:3)
  5 iguanas
  7 orc wizards
  4 gnolls (D:4)
  5 adders (D:2)
  3 river rats (Sewer)
  A shadow imp (D:7)
  A worm (D:2)
  2 dart slugs
  25 orcs
  9 ball pythons
  9 endoplasms
  6 giant cockroaches
  5 goblins
  9 hobgoblins
  5 jackals
  3 quokkas
  2 bats (D:1)
  A frilled lizard (D:3)
  22 kobolds
  6 rats
259 creatures vanquished.

Vanquished Creatures (collateral kills)
  A blink frog (Lair:2)
  A water moccasin (Lair:2)
2 creatures vanquished.

Vanquished Creatures (others)
  12 fungi
  15 plants
  10 toadstools (D:7)
37 creatures vanquished.

Grand Total: 298 creatures vanquished

Notes
Turn   | Place    | Note
-------+----------+-------------------------------------------
     0 | D:1      | qw the Gargoyle Berserker began the quest for the Orb.
     0 | D:1      | Reached XP level 1. HP: 14/14 MP: 1/1
     0 | D:1      | 0 ||| qw: Version: 0.1-a-103-gd6f5d3a
     0 | D:1      | 0 ||| qw: Game counter: 5539
     0 | D:1      | 0 ||| qw: Always use a shield: true
     0 | D:1      | 0 ||| qw: Do Orc after D:15 true
     0 | D:1      | 0 ||| qw: Do second Lair branch before Depths: true
     0 | D:1      | 0 ||| qw: Lair rune preference: random
     0 | D:1      | 0 ||| qw: Plans: Normal
     0 | D:1      | 0 ||| PLANNING D:1-11
   171 | D:1      | 171 ||| INVOKING Berserk.
   174 | D:1      | Reached skill level 3 in Axes
   441 | D:1      | Reached XP level 2. HP: 16/19 MP: 2/2
   585 | D:1      | 585 ||| Stepping ~*~*~tactically~*~*~ (stealth).
   598 | D:1      | 598 ||| Stepping ~*~*~tactically~*~*~ (stealth).
   739 | D:1      | Found a faded altar of an unknown god.
  1121 | D:1      | 1121 ||| Stepping ~*~*~tactically~*~*~ (hiding).
  1437 | D:1      | 1437 ||| UPGRADING to +0 cloak.
  1442 | D:1      | 1442 ||| UPGRADING to +0 chain mail.
  1452 | D:1      | 1452 ||| DROPPING +0 animal skin.
  1453 | D:1      | 1453 ||| READING 4 scrolls labelled YCKOOXT KUIKLE.
  1457 | D:1      | 1457 ||| READING scroll labelled NYWKYQ TIOMOJI.
  1458 | D:1      | 1458 ||| READING scroll labelled KUG UZIRPHYCUKE.
  1459 | D:1      | 1459 ||| READING scroll labelled FONU HOTRU VER.
  1460 | D:1      | 1460 ||| DRINKING 2 sedimented inky potions.
  1550 | D:2      | 1550 ||| INVOKING Berserk.
  1551 | D:2      | 1551 ||| INVOKING Berserk.
  1553 | D:2      | Reached XP level 3. HP: 23/23 MP: 3/3
  1717 | D:2      | Reached skill level 4 in Axes
  1840 | D:2      | 1840 ||| Stepping ~*~*~tactically~*~*~ (stealth).
  1841 | D:2      | 1841 ||| Stepping ~*~*~tactically~*~*~ (stealth).
  1990 | D:2      | Reached XP level 4. HP: 28/28 MP: 4/4
  2322 | D:2      | 2322 ||| READING scroll labelled KUT WAOHIOC.
  2323 | D:2      | 2323 ||| READING scroll labelled ULUCYFF PEHA.
  2324 | D:2      | 2324 ||| READING 3 scrolls labelled TUGGU ESARCHIL.
  2325 | D:2      | 2325 ||| DRINKING 4 lumpy green potions.
  2326 | D:2      | 2326 ||| DRINKING 3 bubbling clear potions.
  2327 | D:2      | 2327 ||| DRINKING 3 bubbling inky potions.
  2432 | D:2      | 2432 ||| DROPPING 2 potions of brilliance.
  2433 | D:2      | 2433 ||| DROPPING 2 potions of berserk rage.
  2434 | D:2      | 2434 ||| DROPPING 2 scrolls of poison.
  2448 | D:3      | 2448 ||| STAIRDANCE
  2481 | D:3      | 2481 ||| STAIRDANCE
  2515 | D:3      | 2515 ||| Stepping ~*~*~tactically~*~*~ (stealth).
  2521 | D:3      | Noticed Natasha
  2522 | D:3      | 2522 ||| Stepping ~*~*~tactically~*~*~ (hiding).
  2525 | D:3      | 2525 ||| Stepping ~*~*~tactically~*~*~ (hiding).
  2526 | D:3      | 2526 ||| INVOKING Berserk.
  2529 | D:3      | Killed Natasha
  2530 | D:3      | Reached skill level 5 in Axes
  2530 | D:3      | Reached XP level 5. HP: 32/32 MP: 5/5
  2571 | D:3      | Noticed Natasha
  2572 | D:3      | 2572 ||| FLEEEEING.
  2574 | D:3      | 2574 ||| STAIRDANCE
  2692 | D:3      | 2692 ||| Stepping ~*~*~tactically~*~*~ (stealth).
  2699 | D:3      | Found a white marble altar of Elyvilon.
  2742 | D:3      | 2742 ||| READING scroll of enchant armour.
  2742 | D:3      | 2742 ||| ENCHANTING +0 cloak.
  2759 | D:3      | 2759 ||| INVOKING Berserk.
  2771 | D:3      | Killed Natasha
  2774 | D:3      | Noticed Natasha
  2775 | D:3      | 2775 ||| Stepping ~*~*~tactically~*~*~ (hiding).
  2786 | D:3      | Killed Natasha
  3022 | D:3      | Identified the +1 leather armour of the Engineer {rElec}
  3023 | D:3      | 3023 ||| SWAPPING to +0 war axe.
  3024 | D:3      | 3024 ||| DROPPING +0 hand axe of chaos.
  3036 | D:3      | Reached ** piety under Trog
  3084 | D:3      | 3084 ||| DROPPING +0 whip.
  3210 | D:3      | Found a hazy altar of Hepliaklqana.
  3245 | D:3      | Found a glowing silver altar of Zin.
  3277 | D:3      | 3277 ||| READING scroll labelled PUCWIQU FEPP.
  3278 | D:3      | 3278 ||| READING scroll labelled HUESHOE UPLAH.
  3279 | D:3      | 3279 ||| READING scroll labelled DECUGI YCHIN.
  3363 | D:4      | Found a staircase to the Ecumenical Temple.
  3364 | D:4      | 3364 ||| Stepping ~*~*~tactically~*~*~ (hiding).
  3366 | D:4      | 3366 ||| INVOKING Berserk.
  3367 | D:4      | 3367 ||| INVOKING Berserk.
  3375 | D:4      | 3375 ||| FLEEEEING.
  3376 | D:4      | 3376 ||| FLEEEEING.
  3381 | D:4      | 3381 ||| STAIRDANCE
  3491 | D:4      | Noticed an ogre
  3495 | D:4      | 3495 ||| INVOKING Berserk.
  3499 | D:4      | Killed an ogre
  3500 | D:4      | Reached skill level 6 in Axes
  3500 | D:4      | Reached XP level 6. HP: 38/38 MP: 6/6
  3626 | D:4      | Noticed a black bear
  3628 | D:4      | 3628 ||| INVOKING Berserk.
  3631 | D:4      | Killed a black bear
  3632 | D:4      | Reached skill level 3 in Armour
  3797 | D:4      | Reached XP level 7. HP: 40/43 MP: 7/7
  3842 | D:4      | Noticed Duvessa
  3842 | D:4      | Noticed Dowan
  3843 | D:4      | 3843 ||| Stepping ~*~*~tactically~*~*~ (stealth).
  3845 | D:4      | 3845 ||| Stepping ~*~*~tactically~*~*~ (hiding).
  3848 | D:4      | 3848 ||| INVOKING Berserk.
  3856 | D:4      | Killed Dowan
  3859 | D:4      | Killed Duvessa
  3902 | D:4      | Found a transporter.
  3902 | D:4      | Noticed qw's ghost (amateur MiFi)
  3908 | D:4      | Found a transporter.
  4045 | D:4      | 4045 ||| INVOKING Berserk.
  4049 | D:4      | Reached skill level 7 in Axes
  4173 | D:4      | Found an ancient bone altar of Kikubaaqudgha.
  4206 | D:4      | Noticed Edmund
  4211 | D:4      | 4211 ||| INVOKING Berserk.
  4217 | D:4      | Killed Edmund
  4370 | D:4      | 4370 ||| DROPPING +0 flail.
  4442 | D:4      | 4442 ||| READING scroll labelled KIMMU EDASATHU.
  4443 | D:4      | 4443 ||| DRINKING 2 fuming blue potions.
  4443 | D:4      | Gained mutation: Your magical capacity is low. (-10% MP)
                  | [potion of mutation]
  4443 | D:4      | Gained mutation: You possess an exceptional clarity of
                  | mind. [potion of mutation]
  4443 | D:4      | Gained mutation: You are partially covered in iridescent
                  | scales. (AC +2) [potion of mutation]
  4444 | D:4      | 4444 ||| READING 5 scrolls of identify.
  4444 | D:4      | 4444 ||| IDENTIFYING yellow potion
  4467 | D:5      | Entered Level 5 of the Dungeon
  4534 | D:5      | Found a shimmering blue altar of Sif Muna.
  4683 | D:5      | Reached XP level 8. HP: 49/49 MP: 7/7
  4893 | D:5      | 4893 ||| INVOKING Berserk.
  4918 | D:5      | Reached skill level 8 in Axes
  5304 | D:5      | 5304 ||| INVOKING Berserk.
  5423 | D:5      | Found a glowing golden altar of the Shining One.
  5566 | D:5      | 5566 ||| UPGRADING to ring of protection from cold.
  5567 | D:5      | 5567 ||| READING 5 scrolls of identify.
  5567 | D:5      | 5567 ||| IDENTIFYING murky golden potion
  5568 | D:5      | 5568 ||| READING 4 scrolls of identify.
  5568 | D:5      | 5568 ||| IDENTIFYING sedimented ruby potion
  5569 | D:5      | 5569 ||| DROPPING potion of flight.
  5570 | D:5      | 5570 ||| DROPPING potion of lignification.
  5632 | D:6      | 5632 ||| PLANNING SEWER
  5637 | D:6      | 5637 ||| Stepping ~*~*~tactically~*~*~ (hiding).
  5638 | D:6      | 5638 ||| Stepping ~*~*~tactically~*~*~ (hiding).
  5639 | D:6      | 5639 ||| Stepping ~*~*~tactically~*~*~ (hiding).
  5640 | D:6      | 5640 ||| Stepping ~*~*~tactically~*~*~ (hiding).
  5643 | D:6      | 5643 ||| INVOKING Berserk.
  5659 | D:6      | Reached skill level 6 in Fighting
  5993 | D:6      | Found a glowing drain.
  6007 | Sewer    | Entered a sewer
  6080 | Sewer    | 6080 ||| Stepping ~*~*~tactically~*~*~ (water).
  6089 | Sewer    | 6089 ||| Stepping ~*~*~tactically~*~*~ (water).
  6231 | Sewer    | Found a white marble altar of Elyvilon.
  6269 | D:6      | 6269 ||| RIP OSSUARY
  6270 | D:6      | 6270 ||| PLANNING D:1-11
  6468 | D:6      | Found a broken altar of Ashenzari.
  6481 | D:6      | Reached skill level 9 in Axes
  6554 | D:6      | 6554 ||| INVOKING Berserk.
  6556 | D:6      | Reached XP level 9. HP: 55/55 MP: 8/8
  6751 | D:6      | Identified the +7 quarterstaff of Bevo {freeze, rElec rPois
                  | rN+ Stlth-}
  6758 | D:6      | 6758 ||| INVOKING Berserk.
  6985 | D:6      | 6985 ||| READING scroll labelled ZAZAEP RUOQ.
  6986 | D:6      | 6986 ||| DRINKING 2 fizzy purple potions.
  6987 | D:6      | 6987 ||| DROPPING potion of invisibility.
  7004 | D:7      | 7004 ||| Stepping ~*~*~tactically~*~*~ (stealth).
  7007 | D:7      | 7007 ||| Stepping ~*~*~tactically~*~*~ (stealth).
  7011 | D:7      | 7011 ||| Stepping ~*~*~tactically~*~*~ (stealth).
  7013 | D:7      | 7013 ||| Stepping ~*~*~tactically~*~*~ (hiding).
  7015 | D:7      | 7015 ||| INVOKING Berserk.
  7112 | D:7      | 7112 ||| Stepping ~*~*~tactically~*~*~ (stealth).
  7116 | D:7      | 7116 ||| INVOKING Berserk.
  7311 | D:7      | Reached skill level 10 in Axes
  7436 | D:7      | 7436 ||| INVOKING Berserk.
  7947 | D:7      | Reached *** piety under Trog
  8028 | D:7      | Reached XP level 10. HP: 65/65 MP: 9/9
  8409 | D:7      | 8409 ||| UPGRADING to +4 ring of slaying {mikee}.
  8490 | D:8      | 8490 ||| INVOKING Berserk.
  8772 | D:8      | Noticed Maggie
  8780 | D:8      | Killed Maggie
  8781 | D:8      | Reached skill level 11 in Axes
  8912 | D:8      | Found an iron altar of Okawaru.
  8960 | D:8      | Found a flagged portal.
  8984 | D:8      | 8984 ||| INVOKING Berserk.
  8986 | D:8      | Reached skill level 1 in Throwing
  9013 | D:8      | 9013 ||| Stepping ~*~*~tactically~*~*~ (stealth).
  9018 | D:8      | 9018 ||| FLEEEEING.
  9019 | D:8      | 9019 ||| FLEEEEING.
  9020 | D:8      | 9020 ||| FLEEEEING.
  9021 | D:8      | 9021 ||| FLEEEEING.
  9022 | D:8      | 9022 ||| FLEEEEING.
  9023 | D:8      | 9023 ||| FLEEEEING.
  9025 | D:8      | 9025 ||| FLEEEEING.
  9026 | D:8      | 9026 ||| FLEEEEING.
  9027 | D:8      | 9027 ||| FLEEEEING.
  9028 | D:8      | 9028 ||| FLEEEEING.
  9029 | D:8      | 9029 ||| FLEEEEING.
  9030 | D:8      | 9030 ||| FLEEEEING.
  9031 | D:8      | 9031 ||| FLEEEEING.
  9032 | D:8      | 9032 ||| FLEEEEING.
  9033 | D:8      | 9033 ||| FLEEEEING.
  9034 | D:8      | 9034 ||| FLEEEEING.
  9035 | D:8      | 9035 ||| FLEEEEING.
  9036 | D:8      | 9036 ||| FLEEEEING.
  9037 | D:8      | 9037 ||| FLEEEEING.
  9039 | D:8      | 9039 ||| FLEEEEING.
  9040 | D:8      | 9040 ||| FLEEEEING.
  9041 | D:8      | 9041 ||| FLEEEEING.
  9042 | D:8      | 9042 ||| FLEEEEING.
  9043 | D:8      | 9043 ||| FLEEEEING.
  9044 | D:8      | 9044 ||| FLEEEEING.
  9045 | D:8      | 9045 ||| FLEEEEING.
  9046 | D:8      | 9046 ||| FLEEEEING.
  9047 | D:8      | 9047 ||| FLEEEEING.
  9048 | D:8      | 9048 ||| FLEEEEING.
  9049 | D:8      | 9049 ||| FLEEEEING.
  9050 | D:8      | 9050 ||| FLEEEEING.
  9051 | D:8      | 9051 ||| FLEEEEING.
  9052 | D:8      | 9052 ||| FLEEEEING.
  9053 | D:8      | 9053 ||| FLEEEEING.
  9054 | D:8      | 9054 ||| FLEEEEING.
  9055 | D:8      | 9055 ||| FLEEEEING.
  9056 | D:8      | 9056 ||| FLEEEEING.
  9057 | D:8      | 9057 ||| FLEEEEING.
  9058 | D:8      | 9058 ||| STAIRDANCE
  9136 | D:8      | 9136 ||| INVOKING Berserk.
  9145 | D:8      | 9145 ||| FLEEEEING.
  9146 | D:8      | 9146 ||| FLEEEEING.
  9147 | D:8      | 9147 ||| FLEEEEING.
  9150 | D:8      | 9150 ||| STAIRDANCE
  9264 | D:8      | 9264 ||| Stepping ~*~*~tactically~*~*~ (stealth).
  9266 | D:8      | 9266 ||| Stepping ~*~*~tactically~*~*~ (hiding).
  9502 | D:8      | Reached skill level 9 in Fighting
  9565 | D:8      | Found a basalt altar of Yredelemnul.
 10049 | D:8      | 10049 ||| UPGRADING to +0 plate armour.
 10059 | D:8      | 10059 ||| DROPPING +0 chain mail.
 10060 | D:8      | 10060 ||| DROPPING amulet of faith.
 10069 | D:9      | 10069 ||| INVOKING Berserk.
 10305 | D:9      | Reached skill level 6 in Armour
 10347 | D:9      | Noticed a two-headed ogre
 10348 | D:9      | 10348 ||| FLEEEEING.
 10373 | D:9      | 10373 ||| FLEEEEING.
 10375 | D:9      | 10375 ||| STAIRDANCE
 10458 | D:8      | 10458 ||| DROPPING orb of wrath.
 10459 | D:8      | 10459 ||| READING scroll labelled INYM KAKAVIVO.
 10462 | D:9      | 10462 ||| INVOKING Berserk.
 10468 | D:9      | Killed a two-headed ogre
 10469 | D:9      | 10469 ||| STAIRDANCE
 10685 | D:9      | Reached skill level 12 in Axes
 10779 | D:9      | 10779 ||| Stepping ~*~*~tactically~*~*~ (stealth).
 10784 | D:9      | 10784 ||| INVOKING Berserk.
 10789 | D:9      | HP: 9/99 [acid dragon/splash of acid (17)]
 11095 | D:9      | Reached XP level 11. HP: 66/71 MP: 9/9
 11101 | D:9      | 11101 ||| FLEEEEING.
 11102 | D:9      | 11102 ||| FLEEEEING.
 11103 | D:9      | 11103 ||| FLEEEEING.
 11104 | D:9      | 11104 ||| FLEEEEING.
 11209 | D:9      | 11209 ||| INVOKING Berserk.
 11244 | D:9      | 11244 ||| Stepping ~*~*~tactically~*~*~ (stealth).
 11293 | D:9      | 11293 ||| INVOKING Berserk.
 11451 | D:9      | 11451 ||| Stepping ~*~*~tactically~*~*~ (stealth).
 11455 | D:9      | 11455 ||| INVOKING Berserk.
 11730 | D:9      | 11730 ||| READING scroll labelled OBBEAXZY PULEE.
 11731 | D:9      | 11731 ||| READING 6 scrolls of identify.
 11731 | D:9      | 11731 ||| IDENTIFYING lumpy ruby potion
 11732 | D:9      | 11732 ||| DROPPING potion of attraction.
 11769 | D:10     | Entered Level 10 of the Dungeon
 11800 | D:10     | 11800 ||| Stepping ~*~*~tactically~*~*~ (stealth).
 11804 | D:10     | Found a staircase to the Lair.
 11961 | D:10     | Identified the +1 chain mail "Turixaong" {rPois rC+ rCorr
                  | Str+5}
 11985 | D:10     | Found a blossoming altar of Fedhas.
 12012 | D:10     | 12012 ||| FLEEEEING.
 12013 | D:10     | 12013 ||| FLEEEEING.
 12020 | D:10     | 12020 ||| INVOKING Berserk.
 12272 | D:10     | Found a shadowy altar of Dithmenos.
 12304 | D:10     | 12304 ||| DROPPING +3 vorpal flail.
 12456 | D:10     | 12456 ||| Stepping ~*~*~tactically~*~*~ (stealth).
 12457 | D:10     | 12457 ||| Stepping ~*~*~tactically~*~*~ (stealth).
 12889 | D:10     | 12889 ||| PLANNING LAIR
 12889 | D:10     | 12889 ||| UPGRADING to +1 chain mail "Turixaong" {rPois rC+
                  | rCorr Str+5}.
 12899 | D:10     | 12899 ||| DROPPING +0 plate armour.
 12948 | Lair:1   | Entered Level 1 of the Lair of Beasts
 12955 | Lair:1   | 12955 ||| INVOKING Berserk.
 13180 | Lair:1   | 13180 ||| INVOKING Berserk.
 13906 | Lair:1   | 13906 ||| UPGRADING to +0 helmet.
 13911 | Lair:1   | 13911 ||| READING scroll labelled ARURCH VACLELE.
 13912 | Lair:1   | 13912 ||| READING 5 scrolls of identify.
 13912 | Lair:1   | 13912 ||| IDENTIFYING amethyst potion
 13913 | Lair:1   | 13913 ||| READING 4 scrolls of identify.
 13913 | Lair:1   | 13913 ||| IDENTIFYING emerald potion
 13914 | Lair:1   | 13914 ||| DROPPING potion of magic.
 13969 | Lair:2   | 13969 ||| READING scroll of enchant weapon.
 13969 | Lair:2   | 13969 ||| ENCHANTING +1 war axe.
 13986 | Lair:2   | 13986 ||| READING scroll of brand weapon.
 13986 | Lair:2   | 13986 ||| BRANDING +2 war axe.
 14006 | Lair:2   | 14006 ||| INVOKING Berserk.
 14126 | Lair:2   | 14126 ||| READING scroll of enchant weapon.
 14126 | Lair:2   | 14126 ||| ENCHANTING +2 war axe of chaos.
 14147 | Lair:2   | 14147 ||| INVOKING Berserk.
 14149 | Lair:2   | Reached skill level 13 in Axes
 14270 | Lair:2   | 14270 ||| FLEEEEING.
 14275 | Lair:2   | Reached **** piety under Trog
 14424 | Lair:2   | Noticed a four-headed hydra
 14425 | Lair:2   | 14425 ||| INVOKING Brothers in Arms.
 14426 | Lair:2   | 14426 ||| INVOKING Brothers in Arms.
 14427 | Lair:2   | 14427 ||| INVOKING Brothers in Arms.
 14428 | Lair:2   | 14428 ||| SWAPPING to +0 morningstar.
 14429 | Lair:2   | 14429 ||| INVOKING Berserk.
 14434 | Lair:2   | Killed a four-headed hydra
 14543 | Lair:2   | 14543 ||| SWAPPING to +3 war axe of chaos.
 14559 | Lair:2   | Noticed a five-headed hydra
 14560 | Lair:2   | 14560 ||| SWAPPING to +0 morningstar.
 14561 | Lair:2   | 14561 ||| INVOKING Berserk.
 14565 | Lair:2   | Killed a five-headed hydra
 14566 | Lair:2   | Reached XP level 12. HP: 77/77 MP: 10/10
 14594 | Lair:2   | 14594 ||| SWAPPING to +3 war axe of chaos.
 14599 | Lair:2   | 14599 ||| Stepping ~*~*~tactically~*~*~ (stealth).
 14664 | Lair:2   | 14664 ||| INVOKING Berserk.
 14668 | Lair:2   | Reached skill level 14 in Axes
 14677 | Lair:2   | 14677 ||| Stepping ~*~*~tactically~*~*~ (stealth).
 14709 | Lair:2   | 14709 ||| Stepping ~*~*~tactically~*~*~ (stealth).
 14716 | Lair:2   | 14716 ||| Stepping ~*~*~tactically~*~*~ (stealth).
 14781 | Lair:2   | 14781 ||| Stepping ~*~*~tactically~*~*~ (stealth).
 14781 | Lair:2   | Identified the +7 dagger of the Pits of Slime {venom,
                  | Dex+2}
 14782 | Lair:2   | 14782 ||| Stepping ~*~*~tactically~*~*~ (hiding).
 14790 | Lair:2   | Noticed a five-headed hydra
 14793 | Lair:2   | 14793 ||| INVOKING Berserk.
 14797 | Lair:2   | Found a staircase to the Snake Pit.
 14801 | Lair:2   | 14801 ||| SWAPPING to +0 morningstar.
 14802 | Lair:2   | 14802 ||| Stepping ~*~*~tactically~*~*~ (water).
 14805 | Lair:2   | HP: 10/79 [naga/+0 flail (10)]
 14806 | Lair:2   | 14806 ||| READING 9 scrolls of teleportation.
 14806 | Lair:2   | Mangled by a blink frog

Levels and vault maps discovered:
D:1:      grunt_arrival_lava_bath, layout_basic,
          ebering_ecumenical_altar_sacrificial
D:2:      layout_basic, minmay_snake_closets
D:3:      layout_rooms, zin_scriptorium, nzn_hepliaklqana_mist_gate,
          mainiacjoe_overflow_paths, uniq_natasha
D:4:      layout_cave_pools, kiku_gazebo_pond_becter, temple_fountains,
          gammafunk_ghost_mausoleum, glass_columns_a, uniq_edmund, uniq_duvessa
D:5:      cheibrodos_helix_gallery, layout_basic, led_sif_book,
          nicolae_tso_carved_into_rock
D:6:      layout_loops_cross, mainiacjoe_overflow_brackets, enter_ossuary_5,
          gup_sewer_entry_glass
D:7:      cheibrodos_fertilizer, layout_loops_ring
D:8:      layout_loops_ring, okawaru_metal_pillars_1_2,
          mainiacjoe_overflow_24_doors, enter_bailey_4, chequers_hall_statues_y,
          uniq_maggie
D:9:      layout_basic
D:10:     layout_stronghold, nicolae_dithmenos_the_darkroom,
          mainiacjoe_overflow_alcove_1, erik_lair_orcish_takeover
Lair:1:   layout_cave_pods, chequers_serial_rivers_small_b, grunt_megastairs_4,
          serial_bayou_shore_a, lemuel_fruit_tree
Lair:2:   nzn_winding_woodlands_stair_trap [nzn_winding_woodlands_5x15_default,
          nzn_winding_woodlands_5x15_pathside_ponds,
          nzn_winding_woodlands_5x15_sidewinder,
          nzn_winding_woodlands_15x15_killbox,
          nzn_winding_woodlands_5x15_zeroes,
          nzn_winding_woodlands_5x15_river_crossing,
          nzn_winding_woodlands_5x15_eye], layout_misc_corridors,
          guppyfry_snake_entry_island

Skill      XL: |  1  2  3  4  5  6  7  8  9 10 11 12 |
---------------+-------------------------------------+-----
Axes           | 3 4 5 6 7 9 10 12 13 14 | 14.0
Fighting       | 4 5 6 8 9 10 | 10.6
Armour         | 3 4 5 7 8 |  8.2
Dodging        | 2 |  2.0
Throwing       | 1 2 |  2.2

Action                   |  1- 3 |  4- 6 |  7- 9 | 10-12 || total
-------------------------+-------+-------+-------+-------++-------
Melee: Hand axe          |    99 |    72 |       |       ||   171
       War axe           |       |    38 |   229 |   303 ||   570
       Punch             |       |       |     4 |     2 ||     6
       Morningstar       |       |       |       |    17 ||    17
Throw: Boomerang         |       |       |       |    62 ||    62
Invok: Berserk           |     2 |     5 |    11 |    18 ||    36
       Brothers in Arms  |       |       |       |     1 ||     1
  Use: Scroll            |     4 |     7 |     5 |    10 ||    26
       Potion            |     1 |     3 |     2 |       ||     6
 Stab: Invisible         |       |       |     1 |       ||     1
       Distracted        |       |       |       |     1 ||     1
Armor: Animal skin       |    13 |       |       |       ||    13
       Chain mail        |    23 |    62 |   164 |   125 ||   374
       Plate armour      |       |       |       |   112 ||   112
Dodge: Dodged            |    50 |    38 |    70 |   132 ||   290

Table legend:
 A = Non-vault XP
 B = Vault XP
 C = Vault XP percentage of total XP
 D = Non-vault monster count
 E = Vault monster count
 F = Vault count percentage of total count
                 A         B        C        D         E       F
            +---------+---------+-------+---------+---------+-------
      Total |   13091 |    7119 |  35.2 |     183 |      78 |  29.9
            +---------+---------+-------+---------+---------+-------
        D:1 |      29 |       0 |   0.0 |      15 |       0 |   0.0
        D:2 |      55 |      48 |  46.6 |      17 |      10 |  37.0
        D:3 |      84 |      36 |  30.0 |      10 |       1 |   9.1
        D:4 |     515 |     388 |  43.0 |      15 |       3 |  16.7
        D:5 |     327 |      39 |  10.7 |       7 |       2 |  22.2
        D:6 |    1036 |       4 |   0.4 |      13 |       2 |  13.3
        D:7 |    1315 |     962 |  42.2 |      21 |      17 |  44.7
        D:8 |    1115 |     397 |  26.3 |      27 |       6 |  18.2
        D:9 |    3665 |       0 |   0.0 |      25 |       0 |   0.0
       D:10 |    1151 |     578 |  33.4 |      15 |       7 |  31.8
     Lair:1 |    1752 |       0 |   0.0 |       8 |       0 |   0.0
     Lair:2 |    2047 |    4420 |  68.3 |      10 |      16 |  61.5
      Sewer |       0 |     247 | 100.0 |       0 |      14 | 100.0
            +---------+---------+-------+---------+---------+-------
